 Dungeon Crawl Stone Soup version 0.20.1-1-g8b1a95d (webtiles) character file.

180 Jazqa the Skirmisher (level 5, -1/35 HPs)
             Began as a Gargoyle Fighter on Oct 30, 2017.
             Slain by a hippogriff (3 damage)
             ... on level 3 of the Dungeon.
             The game lasted 00:03:22 (2067 turns).

Jazqa the Skirmisher (Gargoyle Fighter)             Turns: 2067, Time: 00:03:23

Health: -1/35      AC: 10    Str: 21    XL:     5   Next: 60%
Magic:  5/5        EV:  7    Int:  8    God:
Gold:   158        SH:  9    Dex:  9    Spells: 4/4 levels left

rFire    . . .     SeeInvis .   a - +0 flail
rCold    . . .     Gourm    .   c - +0 shield
rNeg     + + .     Faith    .   b - +0 scale mail
rPois    ∞         Spirit   .   (no helmet)
rElec    +         Reflect  .   (no cloak)
rCorr    .         Harm     .   (no gloves)
MR       .....                  (no boots)
Stlth    ..........             (no amulet)
Regen    0.2/turn               N - ring of positive energy
MPRegen  0.1/turn               (no ring)

@: no status effects
A: negative energy resistance 1, electricity resistance, unbreathing,
petrification resistance, rot immunity, AC +4
a: no special abilities


You were on level 3 of the Dungeon.
You were not hungry.

You visited 1 branch of the dungeon, and saw 3 of its levels.

You collected 158 gold pieces.


Innate Abilities, Weirdness & Mutations

You are resistant to torment.
Your stone body is resilient. (AC +4)
You are immune to poison.
You resist negative energy. (rN+)
You are resistant to electric shocks. (rElec)
You can survive without breathing.
You are immune to petrification.
You are immune to rotting.


   Skills:
 + Level 5.4 Fighting
 + Level 4.0 Maces & Flails
 - Level 3.2 Armour
 - Level 3.2 Shields


You had 4 spell levels left.
You didn't know any spells.

Inventory:

Hand Weapons
 a - a +0 flail (weapon)
Armour
 b - a +0 scale mail (worn)
 c - a +0 shield (worn)
Jewellery
 N - a ring of positive energy (left hand)
Scrolls
 k - a scroll of identify {@r1}
 l - a scroll of noise {unknown}
 m - 3 scrolls of teleportation {@r4}
 p - 2 scrolls of remove curse {@r2}
 q - 2 scrolls of magic mapping
Potions
 d - a potion of might
 e - a potion of brilliance {unknown}
 h - a potion of mutation {!q}
 j - 2 potions of curing {unknown}
 o - a potion of berserk rage {!q}
 s - 2 potions of heal wounds {unknown}
 t - a potion of ambrosia {unknown}
Comestibles
 f - a bread ration {@e1}
 g - 2 meat rations {@e1}
 i - a royal jelly {@e3}
 n - 3 fruits {@e2}
 r - 6 chunks of flesh

Dungeon Overview and Level Annotations

Branches:
Dungeon (3/15)

Altars:

# *♣..♣.♣♣.♣♣ ♣♣.♣
#.####... # ♣..♣♣...♣♣ ♣.♣♣
#.####... # *♣.♣♣♣♣♣♣♣ ♣♣.♣
#........ # *♣..* ♣.♣♣
#........ # ♣.♣♣* ♣♣.♣
#........ # ♣.* ♣.♣♣
##........ # *♣,* ♣♣*♣♣.♣
#......... # *,** ♣.♣♣.♣♣
#......... # *,* **♣gH@♣♣
##......... # **,* *♣..b♣♣♣
#.......... # **,** ♣)...**
#.#........ # *,,* ♣.$..,*
##.#.#####.. # *>** ♣....**
#..#.# *.# # *** ♣♣.$♣,*
##.##.# *,* # ♣♣♣***
##..##.# *,* ## ##......#
*,*
.##################...#####
*,*


You could see a hippogriff, a goblin and a bat.


Message History

You sock the hippogriff!
The hippogriff is moderately wounded.
The hippogriff bites you.
The hippogriff pecks you but does no damage.
You block the hippogriff's attack. The bat hits you but does no damage.
You sock the hippogriff!
The hippogriff is heavily wounded.
The bat hits you but does no damage. You block the hippogriff's attack.
The hippogriff closely misses you. x2; You block the hippogriff's attack.
The hippogriff barely misses you. The hippogriff completely misses you.
You sock the hippogriff!
The hippogriff is severely wounded.
The hippogriff bites you. You block the hippogriff's attack.
The hippogriff claws you. You block the goblin's attack.
Unknown command.
Unknown command.
You barely miss the hippogriff.
The hippogriff is severely wounded.
You block the hippogriff's attack.
The hippogriff pecks you but does no damage.
The hippogriff claws you.
* * * LOW HITPOINT WARNING * * *
You barely miss the hippogriff.
The hippogriff is severely wounded.
You block the hippogriff's attack. The hippogriff pecks you.
* * * LOW HITPOINT WARNING * * *
The hippogriff claws you.
* * * LOW HITPOINT WARNING * * *
The hippogriff bites you.
You die...

Skill      XL: |  1  2  3  4  5 |
---------------+----------------+-----
Fighting       | 4 5 |  5.4
Maces & Flails | 3 4 |  4.0
Armour         | |  3.2
Shields        | |  3.2

Action                   |  1- 3 |  4- 6 || total
-------------------------+-------+-------++-------
Melee: Flail             |   146 |   151 ||   297
  Use: Scroll            |       |     6 ||     6
  Eat: Chunk             |     1 |     3 ||     4
Armor: Scale mail        |    68 |    75 ||   143
Dodge: Dodged            |    48 |    53 ||   101
Block: Shield            |    83 |    77 ||   160

Vault maps used:
D:1:      lemuel_arrival_lava_pool
D:2:      minmay_wonky_spiral
D:3:      kb_forest_paths

Notes
Turn   | Place    | Note
-------+----------+-------------------------------------------
     0 | D:1      | Jazqa the Gargoyle Fighter began the quest for the Orb.
     0 | D:1      | Reached XP level 1. HP: 14/14 MP: 1/1
   200 | D:1      | Reached XP level 2. HP: 10/19 MP: 2/2
   465 | D:1      | Reached skill level 4 in Fighting
   688 | D:1      | Reached XP level 3. HP: 24/24 MP: 3/3
   979 | D:2      | Reached skill level 3 in Maces & Flails
  1111 | D:2      | Reached XP level 4. HP: 26/30 MP: 4/4
  1773 | D:3      | Reached skill level 5 in Fighting
  1773 | D:3      | Reached XP level 5. HP: 35/35 MP: 5/5
  1837 | D:3      | Reached skill level 4 in Maces & Flails
  2060 | D:3      | Noticed a hippogriff
  2067 | D:3      | HP: 2/35 [hippogriff (6)]
  2067 | D:3      | Slain by a hippogriff

Vanquished Creatures
  A crimson imp (D:3)
  5 adders
  An ooze (D:1)
  3 worms
  A dart slug (D:3)
  2 leopard geckos
  12 orcs (D:3)
  3 giant cockroaches
  2 goblins
  6 hobgoblins
  15 jackals
  3 quokkas
  3 bats
  6 kobolds
  5 rats
68 creatures vanquished.
